 Dungeon Crawl Stone Soup version 0.31.0-2-g5a2aebc5c2 (webtiles) character file.

Game seed: 2196111718590375563

65 bpung the Changeling (level 4, 0/33 HPs)
             Began as a Merfolk Shapeshifter on Jan 20, 2024.
             Slain by a gnoll
             ... wielding a +0 halberd
              (12 damage)
             ... on level 2 of the Dungeon.
             The game lasted 00:02:43 (1103 turns).

bpung the Changeling (Merfolk Shapeshifter)         Turns: 1103, Time: 00:02:44

Health: 0/33       AC:  6    Str: 16    XL:     4   Next: 13%
Magic:  4/4        EV: 10    Int:  9    God:
Gold:   113        SH:  0    Dex: 13    Spells: 3/3 levels left

rFire   . .          .
                       - Unarmed
rCold   . . .        (no shield)
rNeg    . . .        g - +0 scale mail
rPois   .            (helmet currently unavailable)
rElec   .            (cloak currently unavailable)
rCorr   .            (gloves currently unavailable)
SInv    .            (boots currently unavailable)
Will    .....        (no amulet) Stlth
                     (no ring)
HPRegen 0.25/turn    (no ring)
MPRegen 0.09/turn

%: no passive effects
@: beast-form
A: beast (slay +2), (nimble swimmer 2), mertail
a: Begin Untransformation


You were on level 2 of the Dungeon.
You were a hulking beast.
You visited 1 branch of the dungeon, and saw 2 of its levels.

You collected 113 gold pieces.

Inventory:

Armour
 a - a +0 pair of gloves
 g - a +0 scale mail (worn)
Talismans
 c - a beast talisman
 d - a flux talisman
Scrolls
 e - a scroll of teleportation
Potions
 b - a potion of lignification
 f - a potion of enlightenment {unknown}


   Skills:
 + Level 2.0 Fighting
 + Level 3.4 Dodging
 + Level 3.8 Unarmed Combat
 * Level 4.9 Shapeshifting


You had 3 spell levels left.
You didn't know any spells.
Your spell library contained the following spells:

 Spells                   Type           Power      Damage    Failure   Level
 Sandblast                Erth           0%         2d4       83%         1
 Mercury Vapours          Alch/Air       0%         N/A       93%         2
 Mephitic Cloud           Conj/Alch/Air  0%         N/A       99%         3
 Passwall                 Erth           0%         N/A       99%         3
 Stone Arrow              Conj/Erth      0%         3d7       99%         3
 Brom's Barrelling Bould  Conj/Erth      0%         2d3       100%        4
 Freezing Cloud           Conj/Ice/Air   0%         6-21      100%        5


Dungeon Overview and Level Annotations

Branches:
Dungeon (2/15)

Altars:


Innate Abilities, Weirdness & Mutations

You are a hulking beast.
Your limbs bulge with bestial killing power. (Slay +2)
((You are very nimble when in or above water. (Stealth+, EV+, Speed+++)))
Your lower body shifts to a powerful aquatic tail in water.


Message History

Found a scroll of teleportation.
You see here a frilled lizard corpse.
Found a scroll of noise.
Found a whip.
A giant cockroach comes into view.
You see here a scroll of teleportation.
e - a scroll of teleportation
Found a ring mail.
The gnoll shouts!
The giant cockroach closely misses you.
The giant cockroach bites you but does no damage.
You closely miss the giant cockroach. The giant cockroach closely misses you.
You barely miss the giant cockroach.
The giant cockroach bites you but does no damage.
You hit the giant cockroach.
The giant cockroach is moderately wounded.
The giant cockroach barely misses you.
You barely miss the giant cockroach.
The giant cockroach is moderately wounded.
The giant cockroach bites you but does no damage.
You hit the giant cockroach.
The giant cockroach is almost dead.
The giant cockroach bites you but does no damage.
The gnoll closely misses you.
You hit the giant cockroach but do no damage.
You punch the giant cockroach.
You kill the giant cockroach!
The gnoll closely misses you. The gnoll hits you with a +0 halberd!
You hit the gnoll.
The gnoll is heavily wounded.
The gnoll hits you with a +0 halberd!
You are too injured to fight recklessly!
You are too injured to fight recklessly!
You are too injured to fight recklessly!
You are too injured to fight recklessly!
You hit the gnoll.
The gnoll is severely wounded.
The gnoll hits you with a +0 halberd!
You die...

.#####........##.....# .#
#........##.....#
.###########'###.....#
.......(.....# #.....#
################.....####
#........... #...........
## #........... ..
#..h.†...?.. #####
#.g......).. ....#
#........... ....#
#........... ....#
#........... ....#
#........... ####### .
..........[. ......+ ..
............ #######g..


You could see a gnoll.

Vanquished Creatures
  3 gnolls (D:2)
  An adder (D:2)
  A dart slug (D:1)
  A ball python (D:1)
  2 endoplasms (D:1)
  A giant cockroach (D:2)
  4 goblins
  A hobgoblin (D:1)
  A quokka (D:1)
  3 bats
  3 frilled lizards
  2 kobolds (D:1)
  5 rats
28 creatures vanquished.

Notes
Turn   | Place    | Note
-------+----------+-------------------------------------------
     0 | D:1      | bpung the Merfolk Shapeshifter began the quest for the Orb.
     0 | D:1      | Reached XP level 1. HP: 15/15 MP: 1/1
   211 | D:1      | Reached XP level 2. HP: 19/21 MP: 2/2
   308 | D:1      | You fall into a shaft and drop 1 floor!
   502 | D:1      | Reached XP level 3. HP: 22/26 MP: 3/3
   962 | D:2      | Reached XP level 4. HP: 27/33 MP: 4/4
  1103 | D:2      | Slain by a gnoll

Illustrated notes

Levels and vault maps discovered:
D:1:      sevenhm_arrival_forest_fort_large_4, layout_loops_ring
D:2:      layout_basic

Skill      XL: |  1  2  3 |
---------------+----------+-----
Dodging        | 3 |  3.4
Fighting       | 2 |  2.0
Unarmed Combat | |  3.8
Shapeshifting  | |  4.9

Action                     |  1- 3 |  4- 6 || total
---------------------------+-------+-------++-------
  Melee: Unarmed           |    59 |    24 ||    83
         Punch             |     2 |     1 ||     3
    Use: Potion            |     2 |       ||     2
         Scroll            |     2 |       ||     2
 Armour: Animal skin       |     8 |       ||     8
         Ring mail         |    10 |       ||    10
         Scale mail        |    13 |    21 ||    34
  Dodge: Dodged            |    32 |    19 ||    51
